 Dungeon Crawl Stone Soup version 0.30-a0-368-g86fb4627a9 (webtiles) character file.

Game seed: 8796724957959815650

64 Anamonty the Shooter (level 4, -8/35 HPs)
             Began as a Barachi Hunter on Nov 19, 2022.
             Mangled by an iguana (9 damage)
             ... on level 4 of the Dungeon.
             The game lasted 00:02:38 (1294 turns).

Anamonty the Shooter (Barachi Hunter)               Turns: 1294, Time: 00:02:39

Health: -8/35      AC:  3    Str: 10 (12) XL:     4   Next: 12%
Magic:  4/4        EV: 12    Int:  9 (10) God:
Gold:   101        SH:  0    Dex: 15 (17) Spells: 3/3 levels left

rFire   . . .      SeeInvis .    f - +0 short sword
rCold   . . .      Faith    .    (no shield)
rNeg    . . .      Spirit   .    c - +0 leather armour
rPois   .          Reflect  .    (no helmet)
rElec   .          Harm     .    (no cloak)
rCorr   .          Rampage  .    (no gloves)
Will    .....                    (no boots)
Stlth   ++........               (no amulet)
HPRegen 0.25/turn                (no ring)
MPRegen 0.09/turn                (no ring)

@: unable to hop, slow
A: amphibious, slowness 1, strong legs 1, +LOS
a: Hop


You were on level 4 of the Dungeon.
You visited 1 branch of the dungeon, and saw 5 of its levels.

You collected 101 gold pieces.

Inventory:

Hand Weapons
 a - a +0 shortbow
 f - a +0 short sword (weapon)
Armour
 c - a +0 leather armour (worn)
Scrolls
 b - a scroll of immolation
 d - a scroll of identify
 e - a scroll of torment {unknown}
 g - a scroll of butterflies {unknown}
 i - a scroll of teleportation
 j - a scroll of noise
 k - a scroll of poison {unknown}


   Skills:
 + Level 3.2 Fighting
 + Level 4.4 Ranged Weapons
 + Level 3.0 Dodging
 + Level 2.0 Stealth


You had 3 spell levels left.
You didn't know any spells.
Your spell library contained the following spells:

 Spells                   Type           Power      Damage    Failure   Level
 Borgnjor's Revivificati  Necr           0%         N/A       100%        8
 Necromutation            Tmut/Necr      0%         N/A       100%        8
 Death's Door             Necr           0%         N/A       100%        9


Dungeon Overview and Level Annotations

Branches:
Dungeon (5/15)
 Temple: D:4-7

Altars:

Shops:
D:1 *


Innate Abilities, Weirdness & Mutations

You are amphibious.
You cover ground slowly.
You can hop short distances.
You have an extended range of vision and can be seen from far away.


Message History

The iguana bites you but does no damage.
It was a potion of degeneration.
There was something very wrong with that liquid.
You feel weakened.
You feel dopey.
You feel clumsy. The iguana closely misses you.
You hit the iguana but do no damage.
The iguana is moderately wounded.
The iguana closely misses you.
You hit the iguana.
The iguana is heavily wounded.
The iguana barely misses you.
You hit the iguana but do no damage.
The iguana is heavily wounded.
The iguana bites you.
You barely miss the iguana.
The iguana is heavily wounded.
The iguana bites you.
Hop to where?
Press: ? - help, Q - select action Dir - move target, p - iguana
Found a scroll labelled URIEMEG QOTIAK.
Boing!
You hit the iguana but do no damage.
The iguana is heavily wounded.
The iguana bites you.
* * * LOW HITPOINT WARNING * * *
You closely miss the iguana.
The iguana is heavily wounded.
The iguana bites you.
* * * LOW HITPOINT WARNING * * *
You aren't carrying any potions.
You hit the iguana.
The iguana is heavily wounded.
The iguana bites you.
* * * LOW HITPOINT WARNING * * *
You hit the iguana but do no damage.
The iguana is heavily wounded.
The iguana barely misses you.
You closely miss the iguana.
The iguana is heavily wounded.
The iguana bites you!
You die...

### # #.. .#
#.# .## #.#
... #>#
#?######
#.##........
#.l@..#
####.## .#
.. .#. .#.#
## #


You could see an iguana.

Vanquished Creatures
  2 adders (D:2)
  5 ball pythons
  5 endoplasms (D:2)
  4 giant cockroaches
  3 goblins
  7 hobgoblins
  2 jackals (D:2)
  2 quokkas
  4 bats
  A frilled lizard (D:2)
  3 kobolds
  3 rats
41 creatures vanquished.

Notes
Turn   | Place    | Note
-------+----------+-------------------------------------------
     0 | D:1      | Anamonty the Barachi Hunter began the quest for the Orb.
     0 | D:1      | Reached XP level 1. HP: 17/17 MP: 1/1
    36 | D:1      | Reached skill level 1 in Stealth
    83 | D:1      | Found Jitzuoqa's General Store.
   178 | D:1      | Reached XP level 2. HP: 23/23 MP: 2/2
   664 | D:2      | Reached XP level 3. HP: 28/28 MP: 3/3
  1082 | D:2      | Reached XP level 4. HP: 35/35 MP: 4/4
  1253 | D:3      | You fall into a shaft and drop 2 floors!
  1253 | D:5      | Entered Level 5 of the Dungeon
  1255 | D:5      | Noticed a scorpion
  1291 | D:4      | HP: 1/35 [iguana (5)]
  1294 | D:4      | Mangled by an iguana

Illustrated notes

Levels and vault maps discovered:
D:1:      tarquinn_simple_flora_water_d, layout_basic, serial_shops,
          nicolae_shop_hallway_plus, hex_large
D:2:      layout_rooms
D:3:      layout_basic
D:4:      dreamdust_elfheim, layout_loops_corners, chequers_decorated_corner,
          guppyfry_early_orc_mine
D:5:      layout_basic, kiku_gazebo_pond_becter, chequers_serial_rivers_micro_d,
          patterned_corridor, uniq_sigmund, uniq_ijyb

Skill      XL: |  1  2  3  4 |
---------------+-------------+-----
Stealth        | 1 2 |  2.0
Fighting       | 3 |  3.2
Dodging        | 3 |  3.0
Ranged Weapons | |  4.4

Action                   |  1- 3 |  4- 6 || total
-------------------------+-------+-------++-------
Melee: Short sword       |     6 |    17 ||    23
 Fire: Shortbow          |    66 |    23 ||    89
 Abil: Hop               |       |     2 ||     2
  Use: Scroll            |       |     3 ||     3
       Potion            |       |     1 ||     1
Armor: Leather armour    |     1 |     5 ||     6
Dodge: Dodged            |    13 |    12 ||    25

Table legend: (Time is in decaauts)
 A = Elapsed time spent in this place.
 B = Non-inter-level travel time spent in this place.
 C = Inter-level travel time spent in this place.
 D = Time resting spent in this place.
 E = Time spent auto-exploring this place.
 F = Levels seen in this place.
 G = Mean time per level.
                   A        B        C        D        E       F      G
               +--------+--------+--------+--------+--------+-----+--------+
         Total |   1524 |   1455 |     69 |      0 |   1209 |   5 |  304.8 |
       Dungeon |   1524 |   1455 |     69 |      0 |   1209 |   5 |  304.8 |
               +--------+--------+--------+--------+--------+-----+--------+

Top non-repeatable levels by time:
     D:1: 692 daAuts
     D:2: 616 daAuts
     D:3: 172 daAuts
     D:4: 21 daAuts
     D:5: 20 daAuts
